 Dungeon Crawl Stone Soup version 0.27-a0-412-g8dd771eca2 (webtiles) character file.

Game seed: 9875376780103634568

1095 Morbidden the Chiller (level 8, 58/58 HPs)
             Began as a Demonspawn Ice Elementalist on Feb 24, 2021.
             Quit the game in the Ecumenical Temple.
             The game lasted 00:08:19 (5236 turns).

Morbidden the Chiller (Demonspawn Ice Elementalist) Turns: 5236, Time: 00:08:20

Health: 58/58      AC:  6    Str:  9    XL:     8   Next: 10%
Magic:  16/16      EV: 13    Int: 18    God:
Gold:   244        SH:  5    Dex: 14    Spells: 11/18 levels left

rFire    . . .     SeeInvis +   a - +0 dagger
rCold    . . .     Faith    .   (no shield)
rNeg     . . .     Spirit   .   t - +0 robe
rPois    +         Reflect  +   (no helmet)
rElec    .         Harm     .   g - +2 cloak
rCorr    .         Rampage  .   (no gloves)
Will     .....                  (no boots)
Stlth    ++........             c - amulet of reflection
HPRegen  0.19/turn              n - ring of see invisible
MPRegen  0.15/turn              y - ring of poison resistance

@: no status effects
A: powered by death 1, sharp scales 1, demonic magic 1
a: no special abilities


You were in the Ecumenical Temple.
You visited 2 branches of the dungeon, and saw 6 of its levels.

You collected 244 gold pieces.

Inventory:

Hand Weapons
 a - a +0 dagger (weapon)
Missiles
 i - 10 boomerangs
Armour
 g - a +2 cloak (worn)
 t - a +0 robe (worn)
Jewellery
 c - an amulet of reflection (around neck)
 n - a ring of see invisible (left hand)
 v - an amulet of guardian spirit
 y - a ring of poison resistance (right hand)
Scrolls
 b - 4 scrolls of identify {unknown}
 d - a scroll of enchant armour {unknown}
 e - 2 scrolls of teleportation {unknown}
 j - 2 scrolls of random uselessness {unknown}
 k - a scroll of noise {unknown}
 l - a scroll of fog {unknown}
 m - 2 scrolls of enchant weapon {unknown}
 q - a scroll of amnesia {unknown}
 r - 3 scrolls of magic mapping {unknown}
Potions
 f - 3 potions of resistance {unknown}
 h - 2 potions of mutation {unknown}
 o - a potion of brilliance {unknown}
 p - a potion of lignification {unknown}
 s - a potion of attraction {unknown}
 u - a potion of ambrosia {unknown}
 w - a potion of invisibility {unknown}
 x - a potion of flight {unknown}
 z - a potion of degeneration {unknown}


   Skills:
 * Level 3.1 Fighting
 + Level 0.6 Short Blades
 - Level 1.2 Maces & Flails
 + Level 2.5 Dodging
 + Level 3.3 Stealth
 + Level 0.9 Shields
 + Level 0.1 Unarmed Combat
 * Level 5.5 Spellcasting
 * Level 5.9 Ice Magic


You had 11 spell levels left.
You knew the following spells:

 Your Spells              Type           Power        Failure   Level
a - Freeze                Ice            100%         1%          1
b - Frozen Ramparts       Ice            52%          3%          3
c - Ozocubu's Armour      Ice            26%          3%          3

Your spell library contained the following spells:

 Spells                   Type           Power        Failure   Level
 Ensorcelled Hibernation  Hex/Ice        30%          5%          2
 Corona                   Hex            4%           13%         1
 Confusing Touch          Hex            4%           36%         3
 Dazzling Flash           Conj/Hex       8%           36%         3
 Tukima's Dance           Hex            4%           36%         3
 Hailstorm                Conj/Ice       15%          36%         4
 Summon Ice Beast         Ice/Summ       15%          36%         4


Dungeon Overview and Level Annotations

Branches:
Dungeon (5/15)             Temple (1/1) D:5

Altars:
Ashenzari
Cheibriados
Dithmenos
Elyvilon
Fedhas
Hepliaklqana
Kikubaaqudgha
Makhleb
Nemelex Xobeh
Okawaru
Qazlal
Ru
Sif Muna
Trog
Uskayaw
Vehumet
Wu Jian
Xom
Zin
The Shining One


Innate Abilities, Weirdness & Mutations

You regenerate a little health from kills.
You are partially covered in razor-sharp scales. (AC +1, Slay +1)
Spells you cast may paralyse adjacent enemies.


Message History

r - 3 scrolls labelled ELAMYUGECU (gained 1) Key pressed, stopping explore.
Found a staircase to the Ecumenical Temple.
Found a hand axe.
There is an open door here.
y - a ring of poison resistance (right hand)
You start removing your amulet.
You continue taking off your amulet of guardian spirit. x4
You finish taking off your amulet of guardian spirit.
You start putting on your amulet.
You continue putting on your amulet of reflection. x5
You finish putting on your amulet of reflection.
You feel a shielding aura gather around you.
c - an amulet of reflection (around neck)
Found 8 gold pieces.
There is a staircase to the Ecumenical Temple here.
You climb downwards.
Welcome to the Ecumenical Temple!
There is a staircase back to the Dungeon here.
Found an iron altar of Okawaru.
Found a hide-covered altar of Uskayaw.
Found a shimmering altar of Xom.
Found a hazy altar of Hepliaklqana.
Found a bloodstained altar of Trog.
Found a shadowy altar of Dithmenos and a stormy altar of Qazlal.
There is a fountain of clear blue water here.
Found a blossoming altar of Fedhas.
Found a glowing silver altar of Zin.
Found a radiant altar of Vehumet.
There is a fountain of clear blue water here.
Found a sacrificial altar of Ru.
Found an ornate altar of the Wu Jian Council.
Found two altars.
There is an ancient bone altar of Kikubaaqudgha here.
Done exploring.
Done exploring.
Done exploring.
Done exploring.
Done exploring.
Done exploring.
Are you sure you want to abandon this character and quit the game? (Confirm with "yes".)

♣♣♣♣♣♣.♣♣♣♣.......
♣♣♣.....♣♣♣
♣♣......
♣♣..._.....♣♣
♣♣♣....
♣...........♣
♣♣♣♣♣
♣._...⌠.._..♣
♣...........♣
♣♣.._......♣♣
♣♣......♣♣♣
♣♣@♣♣♣♣♣
♣♣.♣♣♣♣♣♣♣♣♣♣
♣♣.♣♣......♣♣
♣♣......_..♣♣
♣...........♣
♣._...⌠.....♣
♣...........♣
♣♣....._...♣♣♣ ♣
♣♣♣.....♣♣..♣♣♣


There were no monsters in sight!

Vanquished Creatures
  2 ogres
  7 scorpions (D:4)
  A bullfrog zombie (D:5)
  An orc priest (D:5)
  3 hounds
  2 orc wizards (D:3)
  4 worker ants
  An iguana (D:5)
  4 gnolls (D:4)
  8 adders
  A howler monkey skeleton (D:4)
  An ooze (D:1)
  4 worms
  4 dart slugs
  10 leopard geckos
  14 orcs
  2 ball pythons (D:2)
  8 bats
  11 giant cockroaches
  5 goblins
  9 hobgoblins
  3 jackals (D:2)
  8 kobolds
  2 quokkas (D:2)
  3 frilled lizards
  A leopard gecko skeleton (D:5)
  6 rats
125 creatures vanquished.

Vanquished Creatures (others)
  4 fungi (D:4)
4 creatures vanquished.

Grand Total: 129 creatures vanquished

Notes
Turn   | Place    | Note
-------+----------+-------------------------------------------
     0 | D:1      | Morbidden the Demonspawn Ice Elementalist began the quest
                  | for the Orb.
     0 | D:1      | Reached XP level 1. HP: 13/13 MP: 3/3
   127 | D:1      | Gained mutation: You regenerate a little health from kills.
                  | [demonic ancestry]
   127 | D:1      | Reached XP level 2. HP: 13/19 MP: 0/5
   899 | D:1      | Reached XP level 3. HP: 24/24 MP: 2/6
  1293 | D:2      | Found a faded altar of an unknown god.
  1383 | D:2      | Learned a level 3 spell: Frozen Ramparts
  2087 | D:2      | Gained mutation: You are partially covered in razor-sharp
                  | scales. (AC +1, Slay +1) [demonic ancestry]
  2087 | D:2      | Reached XP level 4. HP: 24/30 MP: 4/8
  2385 | D:3      | Reached skill level 1 in Maces & Flails
  2475 | D:3      | Reached skill level 1 in Fighting
  2475 | D:3      | Gained mutation: Spells you cast may paralyse adjacent
                  | enemies. [demonic ancestry]
  2475 | D:3      | Reached XP level 5. HP: 30/37 MP: 2/10
  2556 | D:3      | Found a glowing golden altar of the Shining One.
  2556 | D:3      | Found a burning altar of Makhleb.
  2564 | D:3      | Found a white marble altar of Elyvilon.
  2566 | D:3      | Found a sparkling altar of Nemelex Xobeh.
  2568 | D:3      | Found a snail-covered altar of Cheibriados.
  3161 | D:4      | Noticed an ogre
  3174 | D:4      | Killed an ogre
  3175 | D:4      | Reached XP level 6. HP: 38/44 MP: 0/12
  3305 | D:4      | Learned a level 3 spell: Ozocubu's Armour
  3416 | D:4      | Reached skill level 5 in Ice Magic
  3505 | D:4      | Reached XP level 7. HP: 51/51 MP: 9/13
  3796 | D:4      | Reached skill level 5 in Spellcasting
  4104 | D:4      | Found a broken altar of Ashenzari.
  4357 | D:5      | Entered Level 5 of the Dungeon
  4602 | D:5      | Reached XP level 8. HP: 48/58 MP: 14/16
  5140 | D:5      | Found a staircase to the Ecumenical Temple.
  5162 | Temple   | Entered the Ecumenical Temple
  5236 | Temple   | Quit the game

Illustrated notes

Levels and vault maps discovered:
D:1:      dpeg_arrival_pits, layout_basic
D:2:      layout_loops_cross, chequers_ecumenical_altar_simple,
          minmay_worlds_worst_comb
D:3:      layout_rooms, chequers_temple_overflow_minitemple
D:4:      old_forge, layout_basic, cheibrodos_ashenzari_chains, serial_glass,
          glass_columns_a, glass_columns_a, due_unseen_surprise,
          minmay_strange_pillars, item_on_display_a, item_on_display_a
D:5:      layout_cave_pods, minmay_temple_entry_hall, serial_shops,
          nicolae_shop_waterfront
Temple:   jpeg_temple_clearing

Skill      XL: |  1  2  3  4  5  6  7 |
---------------+----------------------+-----
Ice Magic      | 4 5 |  5.9
Dodging        | 2 |  2.5
Spellcasting   | 3 4 5 |  5.5
Maces & Flails | 1 |  1.2
Fighting       | 1 2 3 |  3.1
Stealth        | 2 3 |  3.3
Short Blades   | |  0.6
Shields        | |  0.9
Unarmed Combat | |  0.1

Action                   |  1- 3 |  4- 6 |  7- 9 || total
-------------------------+-------+-------+-------++-------
Melee: Unarmed           |    35 |     1 |       ||    36
       Flail             |       |    57 |       ||    57
       Dagger            |       |    38 |    98 ||   136
 Cast: Freeze            |    72 |    34 |    27 ||   133
       Frozen Ramparts   |     1 |    10 |     6 ||    17
       Ozocubu's Armour  |       |       |     1 ||     1
 Stab: Paralysed         |       |     6 |    11 ||    17
       Sleeping          |       |     2 |     2 ||     4
       Distracted        |       |       |     1 ||     1
Armor: Robe              |    12 |    49 |    21 ||    82
Dodge: Dodged            |    45 |    81 |    56 ||   182
Block: Other             |    15 |    17 |    17 ||    49

Table legend: (Time is in decaauts)
 A = Elapsed time spent in this place.
 B = Non-inter-level travel time spent in this place.
 C = Inter-level travel time spent in this place.
 D = Time resting spent in this place.
 E = Time spent auto-exploring this place.
 F = Levels seen in this place.
 G = Mean time per level.
                   A        B        C        D        E       F      G
               +--------+--------+--------+--------+--------+-----+--------+
         Total |   5251 |   5152 |     99 |     10 |   4209 |   6 |  875.2 |
       Dungeon |   5177 |   5078 |     99 |     10 |   4141 |   5 | 1035.4 |
        Temple |     73 |     73 |      0 |      0 |     68 |   1 |   73.0 |
               +--------+--------+--------+--------+--------+-----+--------+

Top non-repeatable levels by time:
     D:1: 1249 daAuts
     D:4: 1196 daAuts
     D:2: 999 daAuts
     D:3: 929 daAuts
     D:5: 803 daAuts
  Temple: 73 daAuts
